 Dungeon Crawl Stone Soup version 0.31-a0-851-g7ff8af7976 (webtiles) character file.

Game seed: 14886255208437548060

1187 randomguy2701 the Destroyer (level 8, 0/43 HPs)
             Began as a Deep Elf Conjurer on Oct 7, 2023.
             Was a Follower of Cheibriados.
             Slain by Pikel
             ... wielding a +1 whip of freezing
              (8 damage)
             ... on level 6 of the Dungeon.
             The game lasted 00:08:14 (6152 turns).

randomguy2701 the Destroyer (Deep Elf Conjurer)     Turns: 6152, Time: 00:08:14

Health: 0/43       AC:  4    Str:  7    XL:     8   Next: 19%
Magic:  8/21       EV: 20    Int: 29    God:    Cheibriados [*.....]
Gold:   225        SH:  0    Dex: 22    Spells: 18/21 levels left

rFire   . . .        q - +2 short sword (venom)
rCold   . . .        (no shield)
rNeg    . . .        a - +0 robe
rPois   .            (no helmet)
rElec   .            (no cloak)
rCorr   .            c - +1 pair of gloves
SInv    .            (no boots)
Will    .....        (no amulet)
Stlth   +++          h - +5 ring of evasion
HPRegen 0.27/turn    x - +6 ring of dexterity
MPRegen 0.17/turn

%: no passive effects
@: very slow
A: no striking features
a: Renounce Religion, Bend Time


You were on level 6 of the Dungeon.
You worshipped Cheibriados.
Cheibriados was aware of your devotion.
You visited 1 branch of the dungeon, and saw 6 of its levels.

You collected 225 gold pieces.

Inventory:

Hand Weapons
 q - a +2 short sword of venom (weapon)
Missiles
 z - a throwing net
Armour
 a - a +0 robe (worn)
 c - a +1 pair of gloves (worn)
Jewellery
 h - a +5 ring of evasion (left hand)
 k - a ring of fire
 r - a ring of protection from cold
 x - a +6 ring of dexterity (right hand)
Wands
 w - a wand of light (8)
Scrolls
 e - 2 scrolls of amnesia {unknown}
 g - 2 scrolls of enchant armour {unknown}
 l - a scroll of blinking {unknown}
 m - 2 scrolls of revelation {unknown}
 p - a scroll of torment {unknown}
 s - 2 scrolls of vulnerability {unknown}
 t - a scroll of noise {unknown}
 y - a scroll of fear {unknown}
Potions
 b - 3 potions of magic
 d - a potion of might {unknown}
 f - 2 potions of curing {unknown}
 i - 2 potions of heal wounds {unknown}
 j - a potion of degeneration {unknown}
 n - 2 potions of lignification {unknown}
 o - 2 potions of mutation {unknown}
 u - a potion of ambrosia {unknown}
 v - a potion of brilliance {unknown}


   Skills:
 + Level 1.2 Fighting
 + Level 1.1 Short Blades
 + Level 4.5 Dodging
 + Level 4.5 Stealth
 + Level 7.3 Spellcasting
 + Level 8.5 Conjurations


You had 18 spell levels left.
You knew the following spells:

 Your Spells              Type           Power      Damage    Failure   Level
a - Magic Dart            Conj           100%       1d8       1%          1
b - Searing Ray           Conj           100%       2d8       1%          2

Your spell library contained the following spells:

 Spells                   Type           Power      Damage    Failure   Level
 Dazzling Flash           Conj/Hex       70%        N/A       2%          3
 Hailstorm                Conj/Ice       35%        3d9       2%          3
 Freeze                   Ice            40%        1d6       4%          1
 Scorch                   Fire           20%        2d5       8%          2
 Flame Wave               Conj/Fire      35%        2d10      9%          4
 Fulminant Prism          Conj/Hex       17%        3d10      9%          4
 Iskenderun's Mystic Bla  Conj/Tloc      35%        2d8       9%          4
 Frozen Ramparts          Ice            20%        1d4       14%         3
 Ozocubu's Armour         Ice            10%        N/A       14%         3
 Summon Cactus Giant      Summ           5%         N/A       100%        6
 Ozocubu's Refrigeration  Ice            5%         4d8       100%        7


Dungeon Overview and Level Annotations

Branches:
Dungeon (6/15)             Temple (0/1) D:5

Altars:
Cheibriados
Fedhas
Gozag
Ru

Shops:
D:4 [

Annotations:
D:4 3 runed translucent doors, randomguy2701's ghost, amateur GnWn
D:5 2 transporters
D:6 Pikel


Message History

Pikel shouts! (Press . to maintain the ray.)
You hear a shout! x2
The searing ray hits Pikel.
Pikel is lightly wounded.
The searing ray hits Pikel.
Pikel is moderately wounded.
Pikel hits you with a +1 whip of freezing!
Pikel freezes you.
The searing ray hits Pikel!
Pikel is heavily wounded.
You finish channelling your searing ray.
A lemure comes into view.
Pikel hits you with a +1 whip of freezing!
Pikel freezes you. The flow of time bends around you.
Pikel resists with some effort.
Pikel hits you with a +1 whip of freezing.
Pikel freezes you.
* * * LOW HITPOINT WARNING * * *
Unknown command.
Casting: Searing Ray (safe; 1% risk of failure)
Confirm with . or Enter, or press ? or * to list all spells.
Okay, then.
The flow of time bends around you.
Pikel resists with some effort.
Pikel hits you with a +1 whip of freezing.
* * * LOW HITPOINT WARNING * * *
Pikel freezes you.
* * * LOW HITPOINT WARNING * * *
Casting: Searing Ray (safe; 1% risk of failure)
Confirm with . or Enter, or press ? or * to list all spells.
Aiming: Searing Ray (safe; 1% risk of failure)
Press: ? - help, Shift-Dir - straight line, f/p - Pikel
Aim: Pikel, wielding a +1 whip of freezing and wearing a +0 robe (heavily wounded, 79% to hit)
The searing ray misses Pikel. (Press . to maintain the ray.) Pikel misses you.
The searing ray misses Pikel.
Pikel hits you with a +1 whip of freezing!
You die...
Pikel says, "Another soul for the market."

##).......#.###.....##.#
#........#.###....###.#
#..........#............#
............#######.######
.............#######.##
......................#
........#5###.######..#
#K###.# #..# #.@.#.# #..#
#.#...## #..#
#.###..#####..# #.
#.........#
#.#####.###...#
..............#
.....)..##....#
........##....#
.................


You could see Pikel and a lemure.

Vanquished Creatures
  A water moccasin (D:5)
  An ice beast (D:5)
  An orc warrior (D:6)
  A phantom (D:4)
  2 lemures
  A bullfrog (D:3)
  A scorpion (D:5)
  A howler monkey (D:4)
  4 hounds
  2 gnoll boudas (D:6)
  Terence (D:2)
  2 iguanas (D:6)
  5 orc wizards
  13 gnolls
  Robin (D:4)
  4 adders
  2 white imps
  An ufetubus (D:5)
  A worm (D:4)
  2 dart slugs (D:2)
  9 orcs
  4 endoplasms
  A giant cockroach (D:1)
  10 goblins
  7 hobgoblins
  3 jackals (D:3)
  12 kobolds
  3 quokkas
  4 ball pythons
  7 bats
  3 frilled lizards
  5 rats
115 creatures vanquished.

Vanquished Creatures (others)
  A goblin (D:4)
1 creature vanquished.

Grand Total: 116 creatures vanquished

Notes
Turn   | Place    | Note
-------+----------+-------------------------------------------
     0 | D:1      | randomguy2701 the Deep Elf Conjurer began the quest for the
                  | Orb.
     0 | D:1      | Reached XP level 1. HP: 10/10 MP: 6/6
   233 | D:1      | Reached XP level 2. HP: 15/15 MP: 5/8
   384 | D:1      | Reached skill level 5 in Conjurations
   639 | D:1      | Learned a level 2 spell: Searing Ray
   758 | D:2      | Reached XP level 3. HP: 19/19 MP: 7/9
  1066 | D:2      | Reached XP level 4. HP: 24/24 MP: 7/11
  1111 | D:2      | Noticed Terence
  1120 | D:2      | Killed Terence
  1121 | D:2      | Reached skill level 6 in Conjurations
  2190 | D:3      | Found a blossoming altar of Fedhas.
  2374 | D:3      | Reached XP level 5. HP: 28/28 MP: 8/12
  3047 | D:4      | Noticed Robin
  3054 | D:4      | Killed Robin
  3262 | D:4      | Found an opulent altar of Gozag.
  3265 | D:4      | Found a snail-covered altar of Cheibriados.
  3470 | D:4      | Found a sacrificial altar of Ru.
  3503 | D:4      | Reached XP level 6. HP: 31/32 MP: 8/14
  3572 | D:4      | Found a runed translucent gate.
  3573 | D:4      | Found a runed translucent gate.
  3585 | D:4      | Reached skill level 5 in Spellcasting
  3585 | D:4      | Reached skill level 7 in Conjurations
  3593 | D:4      | Found a runed translucent gate.
  3708 | D:4      | Noticed randomguy2701's ghost (amateur GnWn)
  3815 | D:4      | Found Diufe's Armour Emporium.
  4010 | D:4      | Became a worshipper of Cheibriados the Contemplative
  4039 | D:5      | Entered Level 5 of the Dungeon
  4046 | D:5      | Found a transporter.
  4070 | D:5      | Found a transporter.
  4167 | D:5      | Found a staircase to the Ecumenical Temple.
  4230 | D:5      | Noticed an ice beast
  4241 | D:5      | Killed an ice beast
  4242 | D:5      | Reached XP level 7. HP: 11/36 MP: 3/17
  5309 | D:6      | Reached * piety under Cheibriados
  5312 | D:6      | Reached skill level 1 in Fighting
  5463 | D:6      | Reached skill level 8 in Conjurations
  5476 | D:6      | Reached skill level 1 in Short Blades
  5648 | D:6      | Reached XP level 8. HP: 37/43 MP: 14/20
  6144 | D:6      | Noticed Pikel
  6152 | D:6      | Slain by Pikel

Illustrated notes

Levels and vault maps discovered:
D:1:      co_arrival_square_in_a_square_in_a_square, layout_basic,
          minmay_misc_feat_encased, minmay_pentomino_x2
D:2:      layout_loops_ring, uniq_terence
D:3:      layout_basic, fedhas_altar_2
D:4:      layout_cave_pools, nicolae_overflow_squiral,
          nicolae_ru_great_annihilating_truth, serial_shops, shop,
          gammafunk_ghost_necromancy, uniq_robin
D:5:      gammafunk_steamed_eel, layout_layer_cave,
          minmay_temple_entry_nine_rooms
D:6:      layout_basic, kennysheep_potato, uniq_pikel

Skill      XL: |  1  2  3  4  5  6  7 |
---------------+----------------------+-----
Conjurations   | 5 6 7 8 |  8.5
Dodging        | 3 4 |  4.5
Stealth        | 3 4 |  4.5
Spellcasting   | 4 5 7 |  7.3
Fighting       | 1 |  1.2
Short Blades   | 1 |  1.1

Action                     |  1- 3 |  4- 6 |  7- 9 || total
---------------------------+-------+-------+-------++-------
  Melee: Unarmed           |     3 |       |       ||     3
         Short sword       |       |     3 |     8 ||    11
   Cast: Magic Dart        |    59 |   124 |    86 ||   269
         Searing Ray       |       |     4 |    16 ||    20
 Invoke: Bend Time         |       |       |     2 ||     2
 Armour: Robe              |     4 |    29 |    23 ||    56
  Dodge: Dodged            |     2 |    45 |    49 ||    96

Table legend: (Time is in decaauts)
 A = Elapsed time spent in this place.
 B = Non-inter-level travel time spent in this place.
 C = Inter-level travel time spent in this place.
 D = Time resting spent in this place.
 E = Time spent auto-exploring this place.
 F = Levels seen in this place.
 G = Mean time per level.
                   A        B        C        D        E       F      G
               +--------+--------+--------+--------+--------+-----+--------+
         Total |   6509 |   6321 |    188 |     84 |   5603 |   6 | 1084.8 |
       Dungeon |   6509 |   6321 |    188 |     84 |   5603 |   6 | 1084.8 |
               +--------+--------+--------+--------+--------+-----+--------+

Top non-repeatable levels by time:
     D:5: 1563 daAuts
     D:3: 1218 daAuts
     D:2: 1062 daAuts
     D:4: 1042 daAuts
     D:6: 898 daAuts
     D:1: 724 daAuts
